SNL (28 & UNDER)
GAINESVILLE GUIDOS @ MEMPHIS BLUES
04/14/2024
 
TOP OF THE 1ST
Gainesville Guidos batting - Pitching for Memphis Blues : RHP Francisco Arellano
Pitching: RHP Francisco Arellano
Batting: RHB Noriyori Ine 0-0: Ball
1-0: Ball
2-0: Ball
3-0: Called Strike
3-1: Foul Ball, location: 2F
3-2: Base on Balls
Batting: LHB Ed Hart 0-0: Foul Ball, location: 2F
0-1: Swinging Strike
0-2: Ball
1-2: Ball
2-2: Foul Ball, location: 2F
2-2: Strikes out swinging
Batting: LHB David Murphy 0-0: Ball
1-0: Ground out 4-3 (Groundball, 4M)
Noriyori Ine to second
Batting: LHB Sergio Barrón 0-0: Ground out 5-3 (Groundball, 56S)
Top of the 1st over - 0 run(s), 0 hit(s), 0 error(s), 1 left on base; Gainesville 0 - Memphis 0
BOTTOM OF THE 1ST
Memphis Blues batting - Pitching for Gainesville Guidos : RHP Matt McGinnity
Pitching: RHP Matt McGinnity
Batting: LHB Arturo Rivera 0-0: Ball
1-0: Called Strike
1-1: Ground out 5-3 (Groundball, 56)
Batting: RHB Dave Wookey 0-0: Ball
1-0: SINGLE (Line Drive, 78S)
Batting: RHB Dale Taylor 0-0: Foul Ball, location: 2F
0-1: Called Strike
0-2: Strikes out swinging
Batting: RHB Bob Orr 0-0: Ball
1-0: Called Strike
1-1: Called Strike
1-2: SINGLE (Groundball, 34D)
Dave Wookey to second
Dave Wookey to third
Batting: RHB Sadao Kato 0-0: Ball
1-0: Called Strike
1-1: Called Strike
1-2: Ball
2-2: Ball
3-2: Foul Ball, location: 2F
3-2: SINGLE (Line Drive, 7LS)
Dave Wookey scores
Bob Orr to second
Bob Orr to third
Batting: RHB Glenn Johnson 0-0: Ball
1-0: Called Strike
1-1: Called Strike
1-2: Ground out 4-3 (Groundball, 4)
Bottom of the 1st over - 1 run(s), 3 hit(s), 0 error(s), 2 left on base; Gainesville 0 - Memphis 1
TOP OF THE 2ND
Gainesville Guidos batting - Pitching for Memphis Blues : RHP Francisco Arellano
Batting: RHB Miguel Serna 0-0: Called Strike
0-1: Swinging Strike
0-2: DOUBLE (Flyball, 89D)
Batting: SHB Reynaldo Gallegos 0-0: Called Strike
Miguel Serna is caught stealing 3rd base
0-1: Swinging Strike
0-2: Ball
1-2: Ball
2-2: Foul Ball, location: 2F
2-2: Ball
3-2: Strikes out looking
Batting: RHB Iván Moreno 0-0: Ball
1-0: Ball
2-0: Ball
3-0: Base on Balls
Batting: RHB Mitch Thomas 0-0: Ball
Iván Moreno steals 2nd base
1-0: Called Strike
1-1: Swinging Strike
1-2: Ball
2-2: Ball
3-2: Base on Balls
Batting: RHB Jason Erickson 0-0: Ball
1-0: Ball
2-0: Called Strike
2-1: Ground out 4-3 (Groundball, 4)
Top of the 2nd over - 0 run(s), 1 hit(s), 0 error(s), 2 left on base; Gainesville 0 - Memphis 1
BOTTOM OF THE 2ND
Memphis Blues batting - Pitching for Gainesville Guidos : RHP Matt McGinnity
Batting: LHB Ricardo García 0-0: Ball
1-0: Ball
2-0: Ball
3-0: Base on Balls
Batting: RHB Dale O'Feennaghty 0-0: Ball
1-0: Foul Ball, location: 2F
1-1: Swinging Strike
1-2: Ball
2-2: Strikes out swinging
Batting: RHB José Herrera 0-0: Called Strike
0-1: Swinging Strike
0-2: Strikes out swinging
Batting: LHB Arturo Rivera 0-0: Called Strike
0-1: Called Strike
0-2: Ground out 3-1 (Groundball, 34)
Bottom of the 2nd over - 0 run(s), 0 hit(s), 0 error(s), 1 left on base; Gainesville 0 - Memphis 1
TOP OF THE 3RD
Gainesville Guidos batting - Pitching for Memphis Blues : RHP Francisco Arellano
Batting: RHB Noriyori Ine 0-0: Called Strike
0-1: Ball
1-1: Ball
2-1: Ball
3-1: Called Strike
3-2: Foul Ball, location: 2F
3-2: Ground out 3-1 (Groundball, 23)
Batting: LHB Ed Hart 0-0: Ball
1-0: Fly out, F6 (Line Drive, 6)
Batting: LHB David Murphy 0-0: Ball
1-0: Called Strike
1-1: Foul Ball, location: 2F
1-2: SINGLE (Line Drive, 6)
Batting: LHB Sergio Barrón 0-0: Ball
David Murphy steals 2nd base
1-0: Called Strike
1-1: Foul Ball, location: 2F
1-2: Ball
2-2: Foul Ball, location: 2F
2-2: DOUBLE (Groundball, 5L)
David Murphy scores
Batting: RHB Miguel Serna 0-0: Foul Ball, location: 2F
0-1: Ball
1-1: Called Strike
1-2: Foul Ball, location: 2F
1-2: Strikes out looking
Top of the 3rd over - 1 run(s), 2 hit(s), 0 error(s), 1 left on base; Gainesville 1 - Memphis 1
BOTTOM OF THE 3RD
Memphis Blues batting - Pitching for Gainesville Guidos : RHP Matt McGinnity
Batting: RHB Dave Wookey 0-0: Called Strike
0-1: SINGLE (Line Drive, 56)
Batting: RHB Dale Taylor 0-0: Ball
1-0: Called Strike
1-1: Ball
Dave Wookey is caught stealing 2nd base
2-1: Called Strike
2-2: Foul Ball, location: 2F
2-2: Fly out, F9 (Flyball, 9M)
Batting: RHB Bob Orr 0-0: Called Strike
0-1: Ball
1-1: Fly out, F4 (Popup, 4D)
Bottom of the 3rd over - 0 run(s), 1 hit(s), 0 error(s), 0 left on base; Gainesville 1 - Memphis 1
TOP OF THE 4TH
Gainesville Guidos batting - Pitching for Memphis Blues : RHP Francisco Arellano
Batting: SHB Reynaldo Gallegos 0-0: Ball
1-0: Ground out U3 (Groundball, 3)
Batting: RHB Iván Moreno 0-0: Called Strike
0-1: Foul Ball, location: 2F
0-2: Strikes out swinging
Batting: RHB Mitch Thomas 0-0: Ball
1-0: Ball
2-0: Ball
3-0: Base on Balls
Batting: RHB Jason Erickson 0-0: Called Strike
Mitch Thomas steals 2nd base
0-1: Swinging Strike
0-2: SINGLE (Groundball, 6M)
Mitch Thomas to third
Runner from 3rd tries for Home, SAFE, no throw or cutoff
Batting: RHB Noriyori Ine 0-0: Ball
1-0: Called Strike
Jason Erickson is caught stealing 2nd base
Top of the 4th over - 1 run(s), 1 hit(s), 0 error(s), 0 left on base; Gainesville 2 - Memphis 1
BOTTOM OF THE 4TH
Memphis Blues batting - Pitching for Gainesville Guidos : RHP Matt McGinnity
Batting: RHB Sadao Kato 0-0: Called Strike
0-1: Ball
1-1: Ball
2-1: Ball
3-1: Base on Balls
Batting: RHB Glenn Johnson 0-0: Grounds into double play, 6-4-3 (Groundball, 6M)
Batting: LHB Ricardo García 0-0: Foul Ball, location: 2F
0-1: Swinging Strike
0-2: Ball
1-2: Strikes out looking
Bottom of the 4th over - 0 run(s), 0 hit(s), 0 error(s), 0 left on base; Gainesville 2 - Memphis 1
TOP OF THE 5TH
Gainesville Guidos batting - Pitching for Memphis Blues : RHP Francisco Arellano
Batting: RHB Noriyori Ine 0-0: Ball
1-0: Called Strike
1-1: Ball
2-1: Foul Ball, location: 2F
2-2: Strikes out swinging
Batting: LHB Ed Hart 0-0: Foul Ball, location: 2F
0-1: Ball
1-1: Foul Ball, location: 2F
1-2: Ball
2-2: SOLO HOME RUN (Flyball, 89XD), Distance : 435 ft
Batting: LHB David Murphy 0-0: Ball
1-0: SINGLE (Line Drive, 6D)
Batting: LHB Sergio Barrón 0-0: Ball
1-0: Ball
2-0: Ball
3-0: Called Strike
3-1: SINGLE (Line Drive, 8LS)
David Murphy to second
Batting: RHB Miguel Serna 0-0: Called Strike
David Murphy is caught stealing 3rd base
Sergio Barrón to second
0-1: Ground out U3 (Groundball, 3)
Top of the 5th over - 1 run(s), 3 hit(s), 0 error(s), 1 left on base; Gainesville 3 - Memphis 1
BOTTOM OF THE 5TH
Memphis Blues batting - Pitching for Gainesville Guidos : RHP Matt McGinnity
Batting: RHB Dale O'Feennaghty 0-0: Fly out, F9 (Line Drive, 89M)
Batting: RHB José Herrera 0-0: Called Strike
0-1: Ball
1-1: Called Strike
1-2: Foul Ball, location: 2F
1-2: Ball
2-2: Ball
3-2: Base on Balls
Batting: LHB Arturo Rivera 0-0: Ball
Throwing error on steal attempt, E2
José Herrera to third
1-0: Ground out 4-3 (Groundball, 4M)
José Herrera scores
Batting: RHB Dave Wookey 0-0: Foul Ball, location: 2F
0-1: Ground out 6-3 (Groundball, 6M)
Bottom of the 5th over - 1 run(s), 0 hit(s), 1 error(s), 0 left on base; Gainesville 3 - Memphis 2
TOP OF THE 6TH
Gainesville Guidos batting - Pitching for Memphis Blues : RHP Francisco Arellano
Pitching: RHP Rafael Ressureio
Batting: SHB Reynaldo Gallegos 0-0: Ground out 3-1 (Groundball, 3L)
Batting: RHB Iván Moreno 0-0: Called Strike
0-1: Foul Ball, location: 2F
0-2: Ball
1-2: Strikes out swinging
Batting: RHB Mitch Thomas 0-0: Called Strike
0-1: Ball
1-1: Ball
2-1: Ball
3-1: Base on Balls
Batting: RHB Jason Erickson 0-0: Ball
1-0: Fly out, F3 (Line Drive, 3)
Top of the 6th over - 0 run(s), 0 hit(s), 0 error(s), 1 left on base; Gainesville 3 - Memphis 2
BOTTOM OF THE 6TH
Memphis Blues batting - Pitching for Gainesville Guidos : RHP Matt McGinnity
Batting: RHB Dale Taylor 0-0: Swinging Strike
0-1: Foul Ball, location: 2F
0-2: Ball
1-2: SINGLE (Line Drive, 7LS)
Batting: RHB Bob Orr 0-0: Foul Ball, location: 2F
0-1: Foul Ball, location: 2F
0-2: Strikes out swinging
Batting: RHB Sadao Kato 0-0: Called Strike
0-1: Ball
1-1: Swinging Strike
1-2: Ball
2-2: Foul Ball, location: 2F
2-2: Grounds into double play, 4-6-3 (Groundball, 4)
Bottom of the 6th over - 0 run(s), 1 hit(s), 0 error(s), 0 left on base; Gainesville 3 - Memphis 2
TOP OF THE 7TH
Gainesville Guidos batting - Pitching for Memphis Blues : RHP Rafael Ressureio
Batting: RHB Noriyori Ine 0-0: Ball
1-0: Foul Ball, location: 2F
1-1: Ball
2-1: Foul Ball, location: 2F
2-2: DOUBLE (Flyball, 7LD)
Batting: LHB Ed Hart 0-0: Ball
1-0: Ground out 4-3 (Groundball, 4M)
Noriyori Ine to third
Batting: LHB David Murphy 0-0: Intentional Walk
Batting: LHB Sergio Barrón 0-0: Ball
1-0: DOUBLE (Line Drive, 8LXD)
Noriyori Ine scores
David Murphy to third
Batting: RHB Miguel Serna 0-0: Intentional Walk
Pinch Hitting: LHB Marcos Villarreal 0-0: Swinging Strike
0-1: Ball
1-1: Foul Ball, location: 2F
1-2: Ball
2-2: Strikes out swinging
Pinch Hitting: RHB Kurt Walter 0-0: Ball
Single, Error in OF, E8, batter to second base
David Murphy scores
Sergio Barrón scores
Miguel Serna to third
Batting: RHB Mitch Thomas 0-0: Fly out, F9 (Line Drive, 89S)
Top of the 7th over - 3 run(s), 3 hit(s), 1 error(s), 2 left on base; Gainesville 6 - Memphis 2
BOTTOM OF THE 7TH
Memphis Blues batting - Pitching for Gainesville Guidos : RHP Matt McGinnity
Now at 2B: José Ortega
Now in RF: William Moore
Batting: RHB Glenn Johnson 0-0: Ground out 6-3 (Groundball, 6M)
Batting: LHB Ricardo García 0-0: Ball
1-0: Ground out 6-3 (Groundball, 6M)
Batting: RHB Dale O'Feennaghty 0-0: Ball
1-0: Called Strike
1-1: Ball
2-1: Foul Ball, location: 2F
2-2: Ball
3-2: Foul Ball, location: 2F
3-2: Fly out, F7 (Flyball, 7M)
Bottom of the 7th over - 0 run(s), 0 hit(s), 0 error(s), 0 left on base; Gainesville 6 - Memphis 2
TOP OF THE 8TH
Gainesville Guidos batting - Pitching for Memphis Blues : RHP Rafael Ressureio
Pitching: RHP Miguel García
Batting: RHB Jason Erickson 0-0: Ball
1-0: Fly out, F4 (Popup, 4)
Batting: RHB Noriyori Ine 0-0: Foul Ball, location: 2F
0-1: SINGLE (Groundball, 5L)
Batting: LHB Ed Hart 0-0: Called Strike
Noriyori Ine steals 2nd base
0-1: Ball
1-1: Fly out, F8 (Flyball, 78D)
Batting: LHB David Murphy 0-0: Foul Ball, location: 2F
0-1: DOUBLE (Line Drive, 78D)
Noriyori Ine scores
Batting: LHB Sergio Barrón 0-0: Ball
1-0: Ball
2-0: Ball
3-0: Called Strike
3-1: DOUBLE (Flyball, 7LM)
David Murphy scores
Batting: RHB Miguel Serna 0-0: Called Strike
0-1: Fly out, F7 (Flyball, 78XD)
Top of the 8th over - 2 run(s), 3 hit(s), 0 error(s), 1 left on base; Gainesville 8 - Memphis 2
BOTTOM OF THE 8TH
Memphis Blues batting - Pitching for Gainesville Guidos : RHP Matt McGinnity
Now in LF: Pedro Mata
Batting: RHB José Herrera 0-0: Ball
1-0: Called Strike
1-1: Called Strike
1-2: Fly out, F7 (Flyball, 7M)
Pitching: RHP Juan Mora
Batting: LHB Arturo Rivera 0-0: Called Strike
0-1: Fly out, F5 (Popup, 5S)
Batting: RHB Dave Wookey 0-0: Fly out, F3 (Popup, 3F)
Bottom of the 8th over - 0 run(s), 0 hit(s), 0 error(s), 0 left on base; Gainesville 8 - Memphis 2
TOP OF THE 9TH
Gainesville Guidos batting - Pitching for Memphis Blues : RHP Miguel García
Batting: RHB José Ortega 0-0: DOUBLE (Line Drive, 89D)
Batting: RHB William Moore 0-0: Called Strike
0-1: Swinging Strike
0-2: Ball
1-2: Strikes out swinging
Batting: RHB Mitch Thomas 0-0: Ball
1-0: SINGLE (Line Drive, 34)
José Ortega to third
Runner from 3rd tries for Home, SAFE, no throw or cutoff
Batting: RHB Jason Erickson 0-0: Called Strike
0-1: Foul Ball, location: 2F
0-2: Foul Ball, location: 2F
0-2: Ball
1-2: SINGLE (Line Drive, 56D)
Mitch Thomas to second
Batting: RHB Noriyori Ine 0-0: SINGLE (Groundball, 34S) (infield hit)
Mitch Thomas to third
Jason Erickson to second
Batting: LHB Ed Hart 0-0: Ball
1-0: Fly out, F8 (Flyball, 8RS)
Batting: RHB Pedro Mata 0-0: Ball
1-0: Called Strike
1-1: Ball
2-1: Ball
3-1: Base on Balls
Mitch Thomas scores
Jason Erickson to third
Noriyori Ine to second
Batting: LHB Sergio Barrón 0-0: Called Strike
0-1: Ball
1-1: Foul Ball, location: 2F
1-2: Fly out, F5 (Popup, 15)
Top of the 9th over - 2 run(s), 4 hit(s), 0 error(s), 3 left on base; Gainesville 10 - Memphis 2
BOTTOM OF THE 9TH
Memphis Blues batting - Pitching for Gainesville Guidos : RHP Juan Mora
Batting: RHB Dale Taylor 0-0: Ball
1-0: Ball
2-0: Foul Ball, location: 2F
2-1: Swinging Strike
2-2: Foul Ball, location: 2F
2-2: Foul Ball, location: 2F
2-2: Ground out 4-3 (Groundball, 13)
Batting: RHB Bob Orr 0-0: Called Strike
0-1: Foul Ball, location: 2F
0-2: Ball
1-2: Fly out, F7 (Flyball, 78D)
Batting: RHB Sadao Kato 0-0: Swinging Strike
0-1: Foul Ball, location: 2F
0-2: SINGLE (Line Drive, 5)
Batting: RHB Glenn Johnson 0-0: Called Strike
0-1: Foul Ball, location: 2F
0-2: Foul Ball, location: 2F
0-2: Hit by Pitch
Sadao Kato to second
Batting: LHB Ricardo García 0-0: Ball
1-0: Ball
2-0: Ball
3-0: Base on Balls
Sadao Kato to third
Glenn Johnson to second
Batting: RHB Dale O'Feennaghty 0-0: Called Strike
0-1: Ball
1-1: Called Strike
1-2: Strikes out swinging
Bottom of the 9th over - 0 run(s), 1 hit(s), 0 error(s), 3 left on base; Gainesville 10 - Memphis 2
This league is powered by Out of the Park Baseball, the baseball management simulation game for PC, Mac and Linux
Saturday, April 9th, 2016 - OOTP Baseball 16.8 Build 38